 Dungeon Crawl Stone Soup version 0.22-a0-750-ga7dcef7 (webtiles) character file.

718 chorionicmirror the Skirmisher (level 7, 0/58 HPs)
             Began as a Demonspawn Gladiator on July 15, 2018.
             Slain by an orc warrior
             ... wielding a +0 trident
              (6 damage)
             ... on level 6 of the Dungeon.
             The game lasted 00:13:38 (3535 turns).

chorionicmirror the Skirmisher (DsGl)               Turns: 3535, Time: 00:13:39

Health: 0/58       AC:  6    Str: 16 (17) XL:     7   Next: 42%
Magic:  0/6        EV: 13    Int:  9      God:
Gold:   192        SH:  0    Dex: 16 (18) Spells: 6/6 levels left

rFire    . . .     SeeInvis .   a - +0 long sword
rCold    . . .     Gourm    .   (no shield)
rNeg     . . .     Faith    .   n - +3 leather armour
rPois    .         Spirit   +   (no helmet)
rElec    +         Reflect  .   (no cloak)
rCorr    .         Harm     .   (no gloves)
MR       +....                  (no boots)
Stlth    +.........             q - amulet of guardian spirit
HPRegen  0.19/turn              (no ring)
MPRegen  0.10/turn              (no ring)

@: confused
A: talons 1, agile 2, demonic guardian 1, low mp 1, magic resistance 1,
electricity resistance, sturdy frame 1
a: no special abilities


You were on level 6 of the Dungeon.
You were hungry.

You visited 1 branch of the dungeon, and saw 6 of its levels.
You also visited: Ossuary.

You collected 192 gold pieces.

Inventory:

Hand Weapons
 a - a +0 long sword (weapon)
Missiles
 d - 3 throwing nets (quivered)
Armour
 c - a +0 helmet
 n - a +3 leather armour (worn)
Jewellery
 m - an uncursed amulet of faith
 q - an amulet of guardian spirit (around neck)
Scrolls
 h - 3 scrolls of teleportation
 i - 2 scrolls of amnesia
 o - 2 scrolls of identify
 p - 2 scrolls of enchant armour {unknown}
 r - a scroll of immolation {unknown}
Potions
 b - a potion of ambrosia
 e - 3 potions of agility
 g - 2 potions of flight {unknown}
 l - a potion of brilliance {unknown}
Comestibles
 f - 7 rations
 j - 4 chunks of flesh


   Skills:
 + Level 6.0 Fighting
 - Level 3.0 Long Blades
 - Level 2.0 Throwing
 + Level 4.8 Armour
 - Level 3.0 Dodging


You had 6 spell levels left.
You didn't know any spells.
Your spell library was empty.

Dungeon Overview and Level Annotations

Branches:
Dungeon (7/15)
 Temple: D:4-7

Altars:
Trog
Yredelemnul


Innate Abilities, Weirdness & Mutations

You have sharp toenails.
A weak demonic guardian rushes to your aid.
Your movements are slightly less encumbered by armour. (ER -2)
You are very agile. (Dex +4)
Your magical capacity is low. (-10% MP)
You are resistant to hostile enchantments. (MR+)
You are resistant to electric shocks. (rElec)


Message History

You feel invigorated.
Your ufetubus hits something.
Your ufetubus barely misses something.
Your quasit bites the orc warrior but does no damage.
Your quasit closely misses the orc warrior.
Your quasit claws the orc warrior but does no damage.
The orc warrior hits you from afar with a trident.
* * * LOW HITPOINT WARNING * * *
Unknown command.
You completely miss something.
Your quasit bites the orc warrior but does no damage.
Your quasit closely misses the orc warrior. x2
Your ufetubus hits the orc warrior but does no damage.
Your ufetubus closely misses the orc warrior.
Something hits you.
* * * LOW HITPOINT WARNING * * *
Your quasit bites the orc warrior.
Your quasit claws the orc warrior but does no damage.
Your quasit closely misses the orc warrior.
The orc warrior hits you from afar with a trident!
You die...

. #.......##########
...##.............^..#
...............?.....#
........#...........%#
......[<#............#
....#.#.#............#
###.#...#............#
. ...##......55....# #
._.......$@{o.....#
..8...##############
#.._..


You could see an orc warrior, a friendly quasit and a friendly ufetubus.

Vanquished Creatures
  2 phantoms
  2 scorpions
  2 centaur zombies (Ossuary)
  A hound (D:6)
  2 orc wizards (D:4)
  An iguana (D:6)
  2 worker ants (D:4)
  2 mummies (Ossuary)
  4 adders
  3 adder zombies (Ossuary)
  2 worms (D:3)
  A dart slug (D:1)
  3 leopard geckos
  10 orcs
  4 giant cockroaches
  3 goblins
  5 hobgoblins
  8 jackals
  12 kobolds
  4 quokkas
  2 bats
  6 frilled lizards
  2 goblin zombies (Ossuary)
  10 hobgoblin zombies (Ossuary)
  2 jackal zombies (Ossuary)
  8 kobold zombies (Ossuary)
  8 orc zombies (Ossuary)
  5 rats
  A rat zombie (Ossuary)
117 creatures vanquished.

Vanquished Creatures (collateral kills)
  A bullfrog (D:7)
  An elf zombie (Ossuary)
2 creatures vanquished.

Grand Total: 119 creatures vanquished

Notes
Turn   | Place    | Note
-------+----------+-------------------------------------------
     0 | D:1      | chorionicmirror the Demonspawn Gladiator began the quest for the Orb.
     0 | D:1      | Reached XP level 1. HP: 16/16 MP: 1/1
   281 | D:1      | Gained mutation: Your movements are slightly less encumbered by armour. (ER -2) [demonic ancestry]
   281 | D:1      | Reached XP level 2. HP: 16/22 MP: 2/2
   892 | D:2      | Gained mutation: A weak demonic guardian rushes to your aid. [demonic ancestry]
   892 | D:2      | Reached XP level 3. HP: 24/28 MP: 3/3
   998 | D:2      | Reached skill level 1 in Armour
  1155 | D:2      | Reached skill level 3 in Fighting
  1468 | D:2      | Gained mutation: You have sharp toenails. [demonic ancestry]
  1468 | D:2      | Reached XP level 4. HP: 35/35 MP: 4/4
  2450 | D:4      | Noticed a phantom
  2461 | D:4      | Reached XP level 5. HP: 21/42 MP: 2/5
  2469 | D:4      | Killed a phantom
  2469 | D:4      | Reached skill level 4 in Fighting
  2497 | D:4      | Found a sand-covered staircase.
  2512 | Ossuary  | Entered an ossuary
  2730 | Ossuary  | Reached XP level 6. HP: 20/49 MP: 2/6
  2745 | Ossuary  | Gained mutation: You are frail. (-10% HP) [potion of mutation]
  2745 | Ossuary  | Gained mutation: You have a pair of small horns on your head. [potion of mutation]
  2745 | Ossuary  | Gained mutation: You are resistant to hostile enchantments. (MR+) [potion of mutation]
  2762 | Ossuary  | Lost mutation: You are frail. (-10% HP) [potion of mutation]
  2762 | Ossuary  | Lost mutation: You have a pair of small horns on your head. [potion of mutation]
  2762 | Ossuary  | Gained mutation: You are agile. (Dex +2) [potion of mutation]
  2762 | Ossuary  | Gained mutation: You are resistant to electric shocks. (rElec) [potion of mutation]
  2762 | Ossuary  | Gained mutation: Your magical capacity is low. (-10% MP) [potion of mutation]
  2762 | Ossuary  | Gained mutation: You are very agile. (Dex +4) [potion of mutation]
  2830 | Ossuary  | Reached skill level 5 in Fighting
  3287 | D:4      | You fall through a shaft for 3 floors!
  3292 | D:7      | Reached XP level 7. HP: 47/56 MP: 6/6
  3499 | D:6      | Found a basalt altar of Yredelemnul.
  3501 | D:6      | Found a bloodstained altar of Trog.
  3507 | D:6      | Reached skill level 6 in Fighting
  3535 | D:6      | Slain by an orc warrior

Vault maps used:
D:1:      dpeg_arrival_radiant
D:3:      first_ration
D:4:      minmay_temple_entry_overgrown, nicolae_ossuary_entry_ruins,
          uniq_menkaure, uniq_blork_the_orc
D:6:      chequers_temple_overflow_statue_of_worship, serial_shops,
          shop_fountains, grunt_qazlal_sundering
D:7:      kennysheep_orc_sif_temple, lemuel_doored_altar
Ossuary:  ossuary_tomb_1

Skill      XL: |  1  2  3  4  5  6  7 |
---------------+----------------------+-----
Throwing       | 2 |  2.0
Dodging        | 3 |  3.0
Long Blades    | 3 |  3.0
Armour         | 1 2 3 4 |  4.8
Fighting       | 3 4 5 6 |  6.0

Action                   |  1- 3 |  4- 6 |  7- 9 || total
-------------------------+-------+-------+-------++-------
Melee: Long sword        |    87 |   197 |    41 ||   325
       Kick              |       |    90 |    16 ||   106
       Headbutt          |       |     5 |       ||     5
  Use: Scroll            |     1 |     6 |       ||     7
       Potion            |       |     8 |     3 ||    11
 Stab: Sleeping          |       |       |     1 ||     1
  Eat: Chunk             |     2 |     3 |       ||     5
       Ration            |       |     1 |       ||     1
Armor: Leather armour    |     7 |    42 |    11 ||    60
       Ring mail         |     8 |       |       ||     8
       Robe              |     8 |     9 |       ||    17
Dodge: Dodged            |    69 |   136 |    44 ||   249
       Rpst.: Long sword |    21 |    43 |    11 ||    75

Table legend:
 A = Spawn XP
 B = Non-spawn XP
 C = Spawn XP percentage of total XP
 D = Spawn monster count
 E = Non-spawn monster count
 F = Spawn count percentage of total count
 G = Total turns spent on level
                    A         B        C        D         E        F      G
               +---------+---------+-------+---------+---------+-------+---------
         Total |       0 |    1027 |   0.0 |       0 |     119 |   0.0 |  3535
               +---------+---------+-------+---------+---------+-------+---------
           D:1 |       0 |      30 |   0.0 |       0 |      19 |   0.0 |   857
           D:2 |       0 |      68 |   0.0 |       0 |      17 |   0.0 |   851
           D:3 |       0 |      60 |   0.0 |       0 |      22 |   0.0 |   742
           D:4 |       0 |     341 |   0.0 |       0 |      15 |   0.0 |   468
           D:6 |       0 |     137 |   0.0 |       0 |       5 |   0.0 |   205
           D:7 |       0 |     163 |   0.0 |       0 |       2 |   0.0 |    43
       Ossuary |       0 |     228 |   0.0 |       0 |      39 |   0.0 |   369
               +---------+---------+-------+---------+---------+-------+---------
